 Dungeon Crawl Stone Soup version 0.32-a0-132-g2d33c3cfaf (webtiles) character file.

Game seed: 11465913798569351689

159 Ge0ff the Poker (level 5, 0/41 HPs)
             Began as a Mummy Chaos Knight on Feb 9, 2024.
             Slain by a sun demon (19 damage)
             ... summoned by Xom
             ... on level 2 of the Dungeon.
             The game lasted 00:02:49 (1830 turns).

Ge0ff the Poker (Mummy Chaos Knight)                Turns: 1830, Time: 00:02:50

Health: 0/41       AC:  6    Str: 17    XL:     5   Next: 17%
Magic:  5/5        EV: 11    Int: 11    God:
Gold:   84         SH:  5    Dex: 12    Spells: 4/4 levels left

rFire   x . .        a - +0 spear (chaos)
rCold   + . .        (no shield)
rNeg    + + +        b - +2 leather armour
rPois   ∞            (no helmet)
rElec   .            X - +0 cloak
rCorr   .            (no gloves)
SInv    .            (no boots)
Will    .....        W - amulet of reflection
Stlth   +            (no ring)
HPRegen 0.26/turn    (no ring)
MPRegen 0.09/turn

%: reflection, faith
@: no status effects
A: cold resistance 1, negative energy resistance 3, torment resistance 2, heat
vulnerability 1, in touch with death 1, no potions, faith
a: no special abilities


You were on level 2 of the Dungeon.
You visited 1 branch of the dungeon, and saw 2 of its levels.

You collected 84 gold pieces.

Inventory:

Hand Weapons
 a - a +0 spear of chaos (weapon)
 Q - a +0 sling
 R - a +2 dagger of protection
Missiles
 P - 4 boomerangs
 Y - 22 stones (quivered)
Armour
 b - a +2 leather armour (worn)
 T - a +0 scale mail
 X - a +0 cloak (worn)
Jewellery
 W - an amulet of reflection (around neck)
Wands
 f - a wand of flame (14)
Scrolls
 m - 2 scrolls of revelation
 U - 2 scrolls of teleportation {unknown}
 V - a scroll of poison {unknown}
 Z - 2 scrolls of identify {unknown}


   Skills:
 - Level 3.0 Fighting
 + Level 4.9 Polearms
 - Level 1.5 Armour
 - Level 0.7 Dodging


You had 4 spell levels left.
You didn't know any spells.
Your spell library was empty.

Dungeon Overview and Level Annotations

Branches:
Dungeon (2/15) Zot: 10181

Altars:


Innate Abilities, Weirdness & Mutations

You are immune to poison.
Your flesh is cold resistant. (rC+)
You are immune to negative energy. (rN+++)
You are immune to unholy pain and torment.
You are vulnerable to heat. (rF-)
You are in touch with the powers of death.
You do not drink.
You have a special connection with the divine. (Faith)


Message History

You barely miss the black bear.
The black bear is almost dead.
The black bear closely misses you.
The black bear claws you but does no damage.
You block the black bear's attack. The hobgoblin closely misses you.
The black bear barely misses you. The black bear claws you.
The black bear misses you.
You hit the black bear.
The black bear is almost dead.
The black bear bites you but does no damage.
You block the black bear's attack. The black bear closely misses you.
The hobgoblin barely misses you.
You hit the black bear. You freeze the black bear.
You kill the black bear!
The hobgoblin hits you but does no damage.
You feel your dexterity returning.
You have reached level 4!
You have reached level 5!
You feel agile.
You hit the hobgoblin. You freeze the hobgoblin.
You kill the hobgoblin!
A bat comes into view. "Let's see if it's strong enough to survive yet."
You barely miss the sixfirhy. You closely miss the sixfirhy.
The sixfirhy hits you! The sixfirhy shocks you!
The sixfirhy closely misses you. x2
The quasit bites you but does no damage.
The quasit claws you but does no damage.
You block the quasit's attack.
You are too injured to fight recklessly!
You are too injured to fight recklessly!
You are too injured to fight recklessly!
As you read the scroll of butterflies, it crumbles to dust.
You hear the flapping of tiny wings.
The quasit is knocked back by the sudden gust.
The neqoxec is knocked back by the sudden gust.
The iron imp is knocked back by the sudden gust.
The shadow imp is knocked back by the sudden gust.
The white imp is knocked back by the sudden gust.
The iron imp is knocked back by the sudden gust.
The ufetubus is knocked back by the sudden gust.
The sixfirhy is knocked back by the sudden gust.
The crimson imp is knocked back by the sudden gust.
The quasit is knocked back by the sudden gust. x3
The iron imp is knocked back by the sudden gust.
The sun demon is knocked back by the sudden gust.
The bat closely misses your butterfly.
The bat completely misses your butterfly.
The bat closely misses your butterfly. The sun demon hits you!!
You die...

##.. ...## .#.........##
.... ............# ...
...bb...bb.. .###
##.##.b5..bbb5. ....
.......b3.bbb. #.#
##...####.b#5b #.#
≈~~~≈≈≈#5bb3#######
..####...## #5@bb5..5#
..........# #5bbb.bb.#
###......## #bbbbb3..# #
##.....## #.b.b5.b.#
###....)†.## #b.b5....#
..#........####.5b..b[.#
#.#...........#........#
#.#......####..........#
#.#.#...######.........#


You could see a sun demon (summoned, ally target), a sixfirhy (summoned, ally
target), a neqoxec (summoned, ally target), 3 iron imps, 4 quasits, a crimson
imp (summoned, ally target), a white imp (summoned, ally target), a shadow imp
(summoned), an ufetubus (summoned, ally target) and a bat (ally target).

Vanquished Creatures
  A black bear (D:2)
  3 adders
  A ribbon worm (D:2)
  4 bats
  An endoplasm (D:2)
  3 giant cockroaches
  2 goblins
  4 hobgoblins
  3 jackals
  3 kobolds
  3 quokkas (D:1)
  2 ball pythons
  3 frilled lizards (D:2)
  5 rats
38 creatures vanquished.

Notes
Turn   | Place    | Note
-------+----------+-------------------------------------------
     0 | D:1      | Ge0ff the Mummy Chaos Knight began the quest for the Orb.
     0 | D:1      | Reached XP level 1. HP: 18/18 MP: 1/1
     0 | D:1      | Fell from the grace of Xom
   348 | D:1      | Reached skill level 3 in Polearms
   348 | D:1      | Reached XP level 2. HP: 24/24 MP: 2/2
   412 | D:1      | XOM: summons 4 hostile demons
   413 | D:1      | Noticed a smoke demon
   413 | D:1      | Noticed an orange demon
  1335 | D:2      | Reached XP level 3. HP: 28/29 MP: 3/3
  1408 | D:2      | XOM: polymorph jackal -> adder
  1630 | D:2      | Reached skill level 4 in Polearms
  1789 | D:2      | Noticed a black bear
  1790 | D:2      | XOM: stat loss: -3 Dex (8/11)
  1803 | D:2      | Killed a black bear
  1804 | D:2      | Reached XP level 4. HP: 28/35 MP: 4/4
  1804 | D:2      | Reached XP level 5. HP: 33/41 MP: 5/5
  1827 | D:2      | XOM: summons 14 hostile demons
  1828 | D:2      | Noticed a sun demon
  1828 | D:2      | Noticed a sixfirhy
  1828 | D:2      | Noticed a neqoxec
  1830 | D:2      | Slain by a sun demon

Illustrated notes

Levels and vault maps discovered:
D:1:      dpeg_arrival_tiny_h, layout_loops_corners
D:2:      layout_rooms, chequers_serial_rivers_micro_a

Skill      XL: |  1  2  3 |
---------------+----------+-----
Polearms       | 3 4 |  4.9
Fighting       | |  3.0
Armour         | |  1.5
Dodging        | |  0.7

Action                     |  1- 3 |  4- 6 || total
---------------------------+-------+-------++-------
  Melee: Spear             |   174 |     3 ||   177
         Punch             |     3 |       ||     3
  Throw: Stone             |     5 |       ||     5
 Invoke: Renounce Religion |     1 |       ||     1
    Use: Scroll            |     1 |     1 ||     2
   Stab: Paralysed         |     2 |       ||     2
         Confused          |     1 |       ||     1
 Armour: Leather armour    |    89 |     4 ||    93
  Dodge: Dodged            |    93 |     2 ||    95
  Block: Other             |    39 |     1 ||    40

Table legend: (Time is in decaauts)
 A = Elapsed time spent in this place.
 B = Non-inter-level travel time spent in this place.
 C = Inter-level travel time spent in this place.
 D = Time resting spent in this place.
 E = Time spent auto-exploring this place.
 F = Levels seen in this place.
 G = Mean time per level.
                   A        B        C        D        E       F      G
               +--------+--------+--------+--------+--------+-----+--------+
         Total |   1817 |   1720 |     97 |    305 |    986 |   2 |  908.5 |
       Dungeon |   1817 |   1720 |     97 |    305 |    986 |   2 |  908.5 |
               +--------+--------+--------+--------+--------+-----+--------+

Top non-repeatable levels by time:
     D:1: 1315 daAuts
     D:2: 501 daAuts
